[ PARTIDA AOE2 · #476695986 ]
1v1 RMJaponeses vs Burgundians
Equipo del jugador · VICT
Equipo rival · DERR
[ ANÁLISIS DE REPETICIÓN · EXTRAÍDO DE LA PARTIDA GRABADA ]
Feudal
17:29
Castillos
23:08
Imperial
—
| APM promedio | 42.5 |
| APM pico | 141 |
| eAPM promedio | 17.2 |
| Aldeanos / militares | 68 / 49 |
Foco
⚔️ 25.8% · 🌾 74.2%
Cavalry Archer ×30 · Knight ×12 · Mangonel ×4 · Battering Ram ×2 · Scorpion ×1
Feudal
17:12
Castillos
29:04
Imperial
—
| APM promedio | 51.8 |
| APM pico | 135 |
| eAPM promedio | 25.4 |
| Aldeanos / militares | 62 / 29 |
Foco
⚔️ 50.8% · 🌾 49.2%
Knight ×9 · Skirmisher ×7 · Scout Cavalry ×7 · Archer ×4 · Mangonel ×2
Mapa de la partida
Recursos iniciales + cada clic de construcción. Líneas = muros · curvas = relieve. ◆ oro · ⬟ piedra · ● bayas · ✦ reliquia · ◌ hueco del cierre
Tu base· Abierta — flanco sin cerrar
Base de CSJ· Abierta — flanco sin cerrar
Terreno inicial suavizado · ◌ = hueco del cierre detectado · pasá el cursor para detalles
Inputs por minuto
— John Sunday - - CSJ
Build order — John Sunday
Primeras 150 de 184 acciones detectadas
| 0:01 | Crear | Villager (Male) |
| 0:02 | Crear | Villager (Male) |
| 0:02 | Crear | Villager (Male) |
| 0:02 | Crear | Villager (Male) |
| 0:03 | Construir | House |
| 0:05 | Construir | House |
| 1:37 | Crear | Villager (Male) |
| 2:12 | Crear | Villager (Male) |
| 2:12 | Crear | Villager (Male) |
| 3:10 | Crear | Villager (Male) |
| 3:10 | Crear | Villager (Male) |
| 3:11 | Crear | Villager (Male) |
| 4:38 | Crear | Villager (Male) |
| 4:38 | Crear | Villager (Male) |
| 5:11 | Crear | Villager (Male) |
| 5:11 | Crear | Villager (Male) |
| 5:11 | Crear | Villager (Male) |
| 5:11 | Crear | Villager (Male) |
| 5:30 | Crear | Villager (Male) |
| 5:33 | Construir | House |
| 5:59 | Construir | Lumber Camp |
| 6:30 | Investigar | Loom |
| 6:56 | Crear | Villager (Male) |
| 7:02 | Crear | Villager (Male) |
| 7:02 | Crear | Villager (Male) |
| 7:26 | Crear | Villager (Male) |
| 8:23 | Crear | Villager (Male) |
| 8:40 | Crear | Villager (Male) |
| 8:45 | Crear | Villager (Male) |
| 9:02 | Construir | Mill |
| 9:12 | Crear | Villager (Male) |
| 9:30 | Construir | Palisade Wall |
| 9:50 | Crear | Villager (Male) |
| 9:51 | Crear | Villager (Male) |
| 9:56 | Construir | Mill |
| 10:18 | Crear | Villager (Male) |
| 10:26 | Crear | Villager (Male) |
| 11:17 | Crear | Villager (Male) |
| 11:17 | Crear | Villager (Male) |
| 11:41 | Construir | House |
| 11:55 | Crear | Villager (Male) |
| 12:38 | Crear | Villager (Male) |
| 13:04 | Crear | Villager (Male) |
| 13:05 | Crear | Villager (Male) |
| 13:35 | Crear | Villager (Male) |
| 13:35 | Crear | Villager (Male) |
| 13:39 | Construir | Farm |
| 13:40 | Construir | Farm |
| 13:40 | Construir | Farm |
| 14:02 | Construir | Farm |
| 14:03 | Construir | Farm |
| 14:13 | Construir | Lumber Camp |
| 14:14 | Crear | Villager (Male) |
| 14:22 | Construir | Farm |
| 14:31 | Construir | Farm |
| 15:14 | Construir | House |
| 15:19 | Investigar | Feudal Age |
| 16:00 | Construir | Mining Camp |
| 16:32 | Construir | Farm |
| 17:29 | Edad | Edad Feudal |
| 17:43 | Investigar | Double-Bit Axe |
| 17:44 | Crear | Villager (Male) |
| 18:07 | Crear | Villager (Male) |
| 18:17 | Investigar | Horse Collar |
| 18:47 | Construir | Market |
| 18:54 | Crear | Villager (Male) |
| 18:55 | Crear | Villager (Male) |
| 19:11 | Construir | Blacksmith |
| 19:37 | Construir | Farm |
| 20:03 | Crear | Villager (Male) |
| 20:11 | Investigar | Castle Age |
| 20:39 | Construir | Barracks |
| 21:18 | Investigar | Gold Mining |
| 21:26 | Investigar | Fletching |
| 21:52 | Construir | Palisade Wall |
| 21:54 | Construir | Palisade Wall |
| 21:56 | Construir | Palisade Wall |
| 22:01 | Construir | Archery Range |
| 22:04 | Crear | Villager (Male) |
| 22:35 | Crear | Villager (Male) |
| 22:45 | Construir | Archery Range |
| 22:46 | Crear | Villager (Male) |
| 23:08 | Edad | Edad de los Castillos |
| 23:13 | Crear | Cavalry Archer |
| 23:14 | Crear | Cavalry Archer |
| 23:30 | Construir | House |
| 23:36 | Construir | House |
| 23:37 | Construir | House |
| 23:44 | Investigar | Bodkin Arrow |
| 23:59 | Construir | Farm |
| 24:04 | Crear | Cavalry Archer |
| 24:04 | Crear | Cavalry Archer |
| 24:13 | Construir | House |
| 24:17 | Construir | Palisade Wall |
| 24:19 | Construir | Palisade Wall |
| 24:21 | Construir | Palisade Wall |
| 24:22 | Construir | Palisade Wall |
| 24:24 | Construir | Palisade Wall |
| 24:27 | Construir | Palisade Wall |
| 24:40 | Crear | Cavalry Archer |
| 24:40 | Crear | Cavalry Archer |
| 25:03 | Crear | Villager (Male) |
| 25:04 | Crear | Villager (Male) |
| 25:25 | Construir | House |
| 25:31 | Crear | Cavalry Archer |
| 25:31 | Crear | Cavalry Archer |
| 25:32 | Crear | Cavalry Archer |
| 25:57 | Construir | House |
| 26:03 | Crear | Cavalry Archer |
| 26:03 | Crear | Cavalry Archer |
| 26:13 | Construir | Archery Range |
| 26:18 | Crear | Villager (Male) |
| 26:18 | Crear | Villager (Male) |
| 26:20 | Construir | Farm |
| 26:39 | Investigar | Bow Saw |
| 26:47 | Construir | Palisade Wall |
| 26:49 | Construir | Palisade Wall |
| 26:51 | Construir | Palisade Wall |
| 26:53 | Construir | Palisade Wall |
| 27:02 | Crear | Villager (Male) |
| 27:02 | Crear | Villager (Male) |
| 27:12 | Crear | Villager (Male) |
| 27:16 | Crear | Cavalry Archer |
| 27:17 | Crear | Cavalry Archer |
| 27:17 | Crear | Cavalry Archer |
| 27:34 | Crear | Villager (Male) |
| 28:01 | Construir | Siege Workshop |
| 29:17 | Crear | Cavalry Archer |
| 29:17 | Crear | Cavalry Archer |
| 29:17 | Crear | Cavalry Archer |
| 29:18 | Crear | Cavalry Archer |
| 29:18 | Crear | Cavalry Archer |
| 29:33 | Construir | Stable |
| 29:40 | Crear | Mangonel |
| 30:20 | Construir | Archery Range |
| 30:29 | Crear | Knight |
| 30:29 | Crear | Knight |
| 30:51 | Crear | Battering Ram |
| 30:57 | Crear | Cavalry Archer |
| 30:58 | Crear | Cavalry Archer |
| 30:58 | Crear | Cavalry Archer |
| 31:26 | Crear | Knight |
| 31:27 | Crear | Knight |
| 31:31 | Crear | Villager (Male) |
| 31:31 | Crear | Villager (Male) |
| 31:31 | Crear | Villager (Male) |
| 31:32 | Crear | Villager (Male) |
| 31:41 | Construir | Mining Camp |
| 31:59 | Construir | Stable |
| 32:20 | Crear | Knight |
Build order — CSJ
Primeras 150 de 172 acciones detectadas
| 0:00 | Crear | Villager (Male) |
| 0:02 | Construir | House |
| 0:05 | Construir | House |
| 0:33 | Crear | Villager (Male) |
| 0:34 | Crear | Villager (Male) |
| 0:34 | Crear | Villager (Male) |
| 1:33 | Crear | Villager (Male) |
| 2:15 | Investigar | Loom |
| 2:18 | Construir | House |
| 2:37 | Crear | Villager (Male) |
| 3:17 | Crear | Villager (Male) |
| 3:17 | Crear | Villager (Male) |
| 3:53 | Crear | Villager (Male) |
| 4:35 | Crear | Villager (Male) |
| 4:35 | Crear | Villager (Male) |
| 4:35 | Crear | Villager (Male) |
| 4:58 | Crear | Villager (Male) |
| 5:23 | Construir | Palisade Wall |
| 5:24 | Construir | Palisade Wall |
| 5:25 | Construir | Palisade Wall |
| 5:27 | Construir | Palisade Wall |
| 5:31 | Crear | Villager (Male) |
| 5:32 | Crear | Villager (Male) |
| 5:40 | Crear | Villager (Male) |
| 6:02 | Construir | House |
| 6:06 | Investigar | Wheelbarrow |
| 6:46 | Construir | Mill |
| 6:58 | Crear | Villager (Male) |
| 7:16 | Construir | House |
| 7:24 | Crear | Villager (Male) |
| 8:22 | Crear | Villager (Male) |
| 8:40 | Crear | Villager (Male) |
| 8:54 | Crear | Villager (Male) |
| 9:31 | Construir | House |
| 9:56 | Crear | Villager (Male) |
| 10:14 | Construir | Palisade Wall |
| 10:19 | Construir | Lumber Camp |
| 10:43 | Crear | Villager (Male) |
| 11:35 | Crear | Villager (Male) |
| 11:42 | Construir | Mill |
| 12:36 | Crear | Villager (Male) |
| 12:37 | Crear | Villager (Male) |
| 13:35 | Crear | Villager (Male) |
| 14:01 | Construir | House |
| 14:23 | Crear | Villager (Male) |
| 15:01 | Investigar | Feudal Age |
| 15:23 | Construir | House |
| 15:51 | Construir | Palisade Wall |
| 16:04 | Construir | Palisade Wall |
| 16:46 | Construir | Mining Camp |
| 17:12 | Edad | Edad Feudal |
| 17:15 | Construir | Mill |
| 17:18 | Crear | Villager (Male) |
| 17:37 | Construir | Palisade Wall |
| 17:38 | Construir | Palisade Wall |
| 17:40 | Construir | Palisade Wall |
| 17:45 | Construir | Palisade Wall |
| 17:47 | Construir | Palisade Wall |
| 17:50 | Construir | Palisade Wall |
| 17:58 | Crear | Villager (Male) |
| 17:58 | Crear | Villager (Male) |
| 18:05 | Investigar | Double-Bit Axe |
| 18:23 | Construir | Farm |
| 18:26 | Crear | Villager (Male) |
| 18:40 | Construir | Farm |
| 18:47 | Construir | Lumber Camp |
| 19:09 | Crear | Villager (Male) |
| 19:40 | Crear | Villager (Male) |
| 19:48 | Construir | Barracks |
| 19:57 | Construir | Blacksmith |
| 20:07 | Crear | Villager (Male) |
| 20:12 | Construir | Farm |
| 20:23 | Construir | Farm |
| 20:29 | Crear | Villager (Male) |
| 20:35 | Construir | Farm |
| 20:48 | Construir | Farm |
| 21:03 | Crear | Villager (Male) |
| 21:05 | Construir | Farm |
| 21:08 | Construir | House |
| 21:10 | Investigar | Town Watch |
| 21:30 | Construir | House |
| 21:48 | Construir | Archery Range |
| 21:50 | Crear | Villager (Male) |
| 22:05 | Construir | Farm |
| 22:07 | Crear | Villager (Male) |
| 22:15 | Crear | Archer |
| 22:19 | Crear | Archer |
| 22:20 | Construir | Farm |
| 22:20 | Construir | Farm |
| 22:29 | Construir | Farm |
| 22:38 | Construir | Farm |
| 22:41 | Construir | Farm |
| 22:46 | Crear | Villager (Male) |
| 22:55 | Construir | Farm |
| 23:08 | Crear | Villager (Male) |
| 23:14 | Crear | Archer |
| 23:26 | Investigar | Fletching |
| 23:39 | Crear | Archer |
| 23:45 | Construir | Stable |
| 23:49 | Crear | Villager (Male) |
| 24:01 | Construir | House |
| 24:04 | Construir | Palisade Wall |
| 24:16 | Crear | Villager (Male) |
| 24:26 | Construir | Stable |
| 24:28 | Construir | House |
| 24:30 | Construir | Palisade Wall |
| 24:44 | Crear | Villager (Male) |
| 24:48 | Crear | Scout Cavalry |
| 24:51 | Crear | Scout Cavalry |
| 24:57 | Investigar | Gold Mining |
| 25:59 | Crear | Villager (Male) |
| 26:19 | Investigar | Castle Age |
| 26:22 | Crear | Scout Cavalry |
| 26:23 | Crear | Scout Cavalry |
| 26:38 | Construir | Mining Camp |
| 26:42 | Crear | Scout Cavalry |
| 26:42 | Crear | Scout Cavalry |
| 26:47 | Investigar | Scale Barding Armor |
| 26:53 | Investigar | Horse Collar |
| 27:00 | Construir | Mining Camp |
| 27:15 | Crear | Scout Cavalry |
| 27:19 | Investigar | Gold Shaft Mining |
| 27:52 | Construir | House |
| 27:54 | Construir | House |
| 27:56 | Crear | Skirmisher |
| 27:56 | Crear | Skirmisher |
| 28:27 | Crear | Skirmisher |
| 28:54 | Investigar | Heavy Plow |
| 28:56 | Crear | Skirmisher |
| 29:04 | Edad | Edad de los Castillos |
| 29:06 | Construir | Farm |
| 29:07 | Construir | Farm |
| 29:08 | Construir | Farm |
| 29:08 | Construir | Farm |
| 29:11 | Crear | Knight |
| 29:11 | Crear | Knight |
| 29:15 | Crear | Skirmisher |
| 29:15 | Crear | Skirmisher |
| 29:29 | Crear | Villager (Male) |
| 29:31 | Construir | Farm |
| 29:31 | Construir | Farm |
| 29:44 | Construir | Siege Workshop |
| 29:49 | Crear | Skirmisher |
| 30:28 | Crear | Villager (Male) |
| 30:28 | Crear | Villager (Male) |
| 30:50 | Crear | Knight |
| 30:50 | Crear | Knight |
| 30:55 | Construir | Watch Tower |
| 31:15 | Crear | Mangonel |
| 31:15 | Crear | Mangonel |
Cronología de la partida
| 5:23 | CSJ · wall_segment Palisade Wall x1 |
| 5:24 | CSJ · wall_segment Palisade Wall x1 |
| 5:25 | CSJ · wall_segment Palisade Wall x1 |
| 5:27 | CSJ · wall_segment Palisade Wall x1 |
| 9:30 | John Sunday · wall_segment Palisade Wall x1 |
| 10:14 | CSJ · wall_segment Palisade Wall x1 |
| 15:51 | CSJ · wall_segment Palisade Wall x1 |
| 16:04 | CSJ · wall_segment Palisade Wall x1 |
| 17:12 | CSJ · age_up feudal |
| 17:29 | John Sunday · age_up feudal |
| 17:37 | CSJ · wall_segment Palisade Wall x1 |
| 17:38 | CSJ · wall_segment Palisade Wall x1 |
| 17:40 | CSJ · wall_segment Palisade Wall x1 |
| 17:45 | CSJ · wall_segment Palisade Wall x1 |
| 17:47 | CSJ · wall_segment Palisade Wall x2 |
| 17:50 | CSJ · wall_segment Palisade Wall x1 |
| 19:48 | CSJ · first_building Barracks |
| 19:53 | John Sunday · first_market_sell 100 stone |
| 19:55 | John Sunday · first_market_buy 100 wood |
| 20:39 | John Sunday · first_building Barracks |
| 21:48 | CSJ · first_building Archery Range |
| 21:52 | John Sunday · wall_segment Palisade Wall x5 |
| 21:54 | John Sunday · wall_segment Palisade Wall x7 |
| 21:56 | John Sunday · wall_segment Palisade Wall x6 |
| 22:01 | John Sunday · first_building Archery Range |
| 23:08 | John Sunday · age_up castle |
| 23:45 | CSJ · first_building Stable |
| 24:04 | CSJ · wall_segment Palisade Wall x1 |
| 24:17 | John Sunday · wall_segment Palisade Wall x5 |
| 24:19 | John Sunday · wall_segment Palisade Wall x6 |
| 24:21 | John Sunday · wall_segment Palisade Wall x4 |
| 24:22 | John Sunday · wall_segment Palisade Wall x3 |
| 24:24 | John Sunday · wall_segment Palisade Wall x6 |
| 24:27 | John Sunday · wall_segment Palisade Wall x1 |
| 24:30 | CSJ · wall_segment Palisade Wall x1 |
| 26:47 | John Sunday · wall_segment Palisade Wall x1 |
| 26:49 | John Sunday · wall_segment Palisade Wall x2 |
| 26:51 | John Sunday · wall_segment Palisade Wall x5 |
| 26:53 | John Sunday · wall_segment Palisade Wall x7 |
| 28:01 | John Sunday · first_building Siege Workshop |
| 29:04 | CSJ · age_up castle |
| 29:33 | John Sunday · first_building Stable |
| 29:44 | CSJ · first_building Siege Workshop |
| 38:27 | CSJ · resign |
[ ANÁLISIS IA · 1 CRÉDITO ]
¿Qué pasó realmente en esta partida?
Wolo.gg analiza cada decisión: build order, eco, micro, errores típicos por bracket. Análisis personalizado por WhatsApp o Discord en 30 segundos.
Guía civ
Japoneses
Guía mapa
Haboob
Perfil
Jugador #3150813